 Dungeon Crawl Stone Soup version 0.29-a0-845-g6161e89988 (webtiles) character file.

Game seed: 7215073934555310153

277 mathmaestro the Grave Robber (level 6, -6/44 HPs)
             Began as a Demonspawn Necromancer on July 15, 2022.
             Mangled by a gnoll
             ... wielding a +0 halberd
             ... led by a gnoll sergeant
              (9 damage)
             ... on level 3 of the Dungeon.
             The game lasted 00:07:06 (2854 turns).

mathmaestro the Grave Robber (DsNe)                 Turns: 2854, Time: 00:07:07

Health: -6/44      AC:  4    Str: 10    XL:     6   Next: 4%
Magic:  7/10       EV: 12    Int: 19    God:
Gold:   178        SH:  0    Dex: 10    Spells: 2/10 levels left

rFire   . . .      SeeInvis .   n - +7 whip of Doubt {spect, rElec rN+ Str+2 Dex-3}
rCold   . . .      Faith    .   (no shield)
rNeg    + . .      Spirit   .   o - +0 leather armour
rPois   .          Reflect  .   (no helmet)
rElec   +          Harm     .   j - +0 cloak
rCorr   .          Rampage  .   (no gloves)
Will    .....                   (no boots)
Stlth   ++........              (no amulet)
HPRegen 0.14/turn               (no ring)
MPRegen 0.12/turn               (no ring)

@: lethally poisoned (-6 -> -45)
A: claws 2
a: no special abilities


You were on level 3 of the Dungeon.
You visited 1 branch of the dungeon, and saw 3 of its levels.

You collected 178 gold pieces.

Inventory:

Hand Weapons
 h - a +0 hand axe
 n - the +7 whip of Doubt (weapon) {spect, rElec rN+ Str+2 Dex-3}
   (You found it on level 3 of the Dungeon)

   When its wielder attacks, the weapon's spirit leaps out and strikes again.
   The spirit shares a part of any damage it takes with its wielder.
   Str:       It affects your strength (+2).
   Dex:       It affects your dexterity (-3).
   rElec:     It insulates you from electricity.
   rN:        It protects you from negative energy.
Armour
 a - a +0 robe
 j - a +0 cloak (worn)
 o - a +0 leather armour (worn)
Magical Staves
 l - a staff of cold
Scrolls
 c - a scroll of immolation {unknown}
 e - 3 scrolls of identify {unknown}
 g - a scroll of acquirement {unknown}
 k - a scroll of noise {unknown}
 p - a scroll of enchant armour {unknown}
Potions
 b - a potion of magic
 d - a potion of berserk rage {unknown}
 f - a potion of flight {unknown}
 i - 2 potions of heal wounds {unknown}
 m - 3 potions of degeneration {unknown}


   Skills:
 + Level 2.0 Fighting
 + Level 2.0 Armour
 + Level 2.9 Dodging
 + Level 3.0 Stealth
 + Level 2.9 Spellcasting
 + Level 5.1 Necromancy


You had 2 spell levels left.
You knew the following spells:

 Your Spells              Type           Power      Damage    Failure   Level
a - Necrotise             Necr           88%        1d8       2%          1
b - Vampiric Draining     Necr           22%        2d7       8%          3
c - Animate Dead          Necr           22%        N/A       24%         4

Your spell library contained the following spells:

 Spells                   Type           Power      Damage    Failure   Level
 Beastly Appendage        Tmut           4%         N/A       21%         1
 Wereblood                Tmut           2%         N/A       30%         2
 Spider Form              Tmut/Pois      2%         N/A       52%         3
 Agony                    Necr           22%        N/A       56%         5


Dungeon Overview and Level Annotations

Branches:
Dungeon (3/15)

Altars:
Sif Muna

Shops:
D:1 =


Innate Abilities, Weirdness & Mutations

You have very sharp fingernails.


Message History

The orc closely misses you.
You barely miss the orc. Your claw misses the orc.
The orc is severely wounded.
Your +7 whip of Doubt {spect, rElec rN+ Str+2 Dex-3} hits the orc!
You kill the orc!
The dart slug bites you.
Your Stealth skill increases to level 3!
You hit the dart slug.
The dart slug is moderately wounded.
Your +7 whip of Doubt {spect, rElec rN+ Str+2 Dex-3} hits the dart slug!
The dart slug launches a dart at your +7 whip of Doubt {spect, rElec rN+ Str+2 Dex-3}.
The slug dart hits your +7 whip of Doubt {spect, rElec rN+ Str+2 Dex-3}.
Your spectral weapon shares its damage with you!
You hit the dart slug.
You kill the dart slug!
Things that are here:
a +3 trident of freezing; a +0 chain mail; a dart slug corpse
Things that are here:
a +0 flail; a +0 leather armour; an orc corpse A gnoll sergeant is nearby!
The gnoll sergeant shouts!
You hear a shout! x2
The gnoll sergeant hits you from afar with a +1 spear of venom.
You are poisoned.
You feel very sick.
The gnoll shouts! x2
The gnoll sergeant hits you with a +1 spear of venom!
You are lethally poisoned!
Casting: Necrotise (safe; 2% risk of failure)
Confirm with . or Enter, or press ? or * to list all spells.
Aiming: Vampiric Draining (dangerous; 8% risk of failure)
Press: ? - help, Shift-Dir - straight line, f - gnoll sergeant
Aim: a gnoll sergeant, wielding a +1 spear of venom, wearing a +0 ring mail and wearing a +0 kite shield You draw life force from the gnoll sergeant.
You feel life coursing into your body.
You feel extremely sick.
The gnoll sergeant hits you with a +1 spear of venom!
* * * LOW HITPOINT WARNING * * *
You are more poisoned.
The gnoll hits you from afar with a +0 halberd!
You die...

.#.###.#.#.#..........#
.#.##..........[......#
.>....#......#.......##
###.#..........)....##
#.##.#.....###.g.##
#.##.##....####g##
#.##.[........g.#
#.######.....g.## #####
#.# #.#.###@###### #....
#.# #..........).## .##.
#.#.##.#.##)).######.##.
#.###..###.......... ..#
##. #..###..##. ###
#..###.## #..##.
.##...#####..##. .#
##.....<...... #.
######.......


You could see a gnoll sergeant and 3 gnolls.

Vanquished Creatures
  Sigmund (D:2)
  An iguana (D:3)
  An adder (D:3)
  A worm (D:2)
  2 dart slugs
  3 orcs (D:3)
  3 ball pythons
  8 endoplasms
  2 giant cockroaches
  7 goblins
  3 hobgoblins (D:1)
  3 kobolds
  A quokka (D:2)
  8 bats
  4 frilled lizards
  7 rats
  A spectral hobgoblin (D:2)
56 creatures vanquished.

Vanquished Creatures (collateral kills)
  A dart slug (D:2)
  A goblin (D:1)
  A frilled lizard (D:1)
3 creatures vanquished.

Grand Total: 59 creatures vanquished

Notes
Turn   | Place    | Note
-------+----------+-------------------------------------------
     0 | D:1      | mathmaestro the Demonspawn Necromancer began the quest for
                  | the Orb.
     0 | D:1      | Reached XP level 1. HP: 13/13 MP: 3/3
   145 | D:1      | Gained mutation: You have sharp fingernails. [demonic
                  | ancestry]
   145 | D:1      | Reached XP level 2. HP: 20/20 MP: 1/5
   500 | D:1      | Found Ugosenaxt's Jewellery Emporium.
  1097 | D:1      | Reached skill level 1 in Armour
  1097 | D:1      | Gained mutation: You have very sharp fingernails. [demonic
                  | ancestry]
  1097 | D:1      | Reached XP level 3. HP: 24/25 MP: 0/6
  1238 | D:2      | Learned a level 3 spell: Vampiric Draining
  1251 | D:2      | Found a shimmering blue altar of Sif Muna.
  1302 | D:2      | Reached skill level 1 in Fighting
  1541 | D:2      | Found a faded altar of an unknown god.
  1695 | D:2      | Noticed Sigmund
  1993 | D:3      | Identified the +7 whip of Doubt {spect, rElec rN+ Str+2
                  | Dex-3}
  2078 | D:3      | Reached XP level 4. HP: 16/32 MP: 0/7
  2356 | D:3      | Noticed a gnoll sergeant
  2590 | D:2      | Killed Sigmund
  2591 | D:2      | Reached skill level 5 in Necromancy
  2591 | D:2      | Reached XP level 5. HP: 38/38 MP: 7/9
  2689 | D:3      | Reached XP level 6. HP: 39/44 MP: 10/10
  2694 | D:3      | Learned a level 4 spell: Animate Dead
  2854 | D:3      | Mangled by a gnoll

Illustrated notes

Levels and vault maps discovered:
D:1:      lemuel_arrival_cross, layout_rooms, serial_shops, shop_statue,
          roderic_serpentine_path
D:2:      layout_loops_cross, dreamdust_ecumenical_altar_drowned_temple,
          basic_altar, uniq_sigmund
D:3:      layout_loops_ring

Skill      XL: |  1  2  3  4  5  6 |
---------------+-------------------+-----
Stealth        | 2 3 |  3.0
Dodging        | 2 |  2.9
Armour         | 1 2 |  2.0
Fighting       | 1 2 |  2.0
Necromancy     | 5 |  5.1
Spellcasting   | |  2.9

Action                   |  1- 3 |  4- 6 || total
-------------------------+-------+-------++-------
Melee: Dagger            |    52 |       ||    52
       Whip              |     2 |    18 ||    20
 Cast: Necrotise         |    67 |     1 ||    68
       Vampiric Draining |       |     1 ||     1
 Stab: Sleeping          |     3 |     1 ||     4
Armor: Robe              |    13 |       ||    13
       Leather armour    |       |     1 ||     1
Dodge: Dodged            |    57 |     8 ||    65

Table legend: (Time is in decaauts)
 A = Elapsed time spent in this place.
 B = Non-inter-level travel time spent in this place.
 C = Inter-level travel time spent in this place.
 D = Time resting spent in this place.
 E = Time spent auto-exploring this place.
 F = Levels seen in this place.
 G = Mean time per level.
                   A        B        C        D        E       F      G
               +--------+--------+--------+--------+--------+-----+--------+
         Total |   2862 |   2823 |     39 |    514 |   1687 |   3 |  954.0 |
       Dungeon |   2862 |   2823 |     39 |    514 |   1687 |   3 |  954.0 |
               +--------+--------+--------+--------+--------+-----+--------+

Top non-repeatable levels by time:
     D:1: 1231 daAuts
     D:2: 947 daAuts
     D:3: 682 daAuts
